 Dungeon Crawl Stone Soup version 0.31.0-11-ge490571c62 (webtiles) character file.

Game seed: 4688571475066674405

16245 Destinykillz the Grappler (level 12, -11/118 HPs)
             Began as a Troll Fighter on Feb 10, 2024.
             Was a High Priest of Okawaru.
             Incinerated by a deep elf pyromancer (15 damage)
             ... with a pyre arrow
             ... on level 10 of the Dungeon.
             The game lasted 00:29:04 (10525 turns).

Destinykillz the Grappler (Troll Fighter)          Turns: 10525, Time: 00:29:04

Health: -11/118    AC:  6    Str: 29    XL:     12   Next: 8%
Magic:  14/14      EV: 12    Int:  6    God:    Okawaru [*****.]
Gold:   725        SH: 11    Dex: 15    Spells: 11/11 levels left

rFire   . .          .
                       - Unarmed
rCold   . . .        b - +0 kite shield
rNeg    . . .        o - +1 robe {Will+}
rPois   .            m - +0 hat
rElec   .            p - +0 cloak
rCorr   .            (gloves unavailable)
SInv    .            (boots unavailable)
Will    +....        (no amulet)
Stlth   +            N - +6 ring of dexterity
HPRegen 1.19/turn    j - +4 ring of slaying
MPRegen 0.14/turn

%: no passive effects
@: on fire, glowing
A: large, unfitting armour, claws 3, regeneration 1, shaggy fur 1, tough skin 1
a: Renounce Religion, Heroism, Finesse, Duel


You were on level 10 of the Dungeon.
You worshipped Okawaru.
Okawaru was extremely pleased with you.
You visited 2 branches of the dungeon, and saw 11 of its levels.
You also visited: Ossuary.

You collected 1224 gold pieces.
You spent 499 gold pieces at shops.

Inventory:

Hand Weapons
 c - the +6 falchion "Yrian" {flame, rPois rN++ Str+2 Dex-5}
   (You took it off a deep elf pyromancer on level 10 of the Dungeon)

   Str+2:     It affects your strength (+2).
   Dex-5:     It affects your dexterity (-5).
   rPois:     It protects you from poison rN++: It greatly protects you from
   negative energy.
 q - the +8 mace "Wyoziz" {protect, +Blink Str+3 Int+5 Dex-4}
   (You bought it in a shop on level 9 of the Dungeon)

   Str+3:     It affects your strength (+3).
   Int+5:     It affects your intelligence (+5).
   Dex-4:     It affects your dexterity (-4).
   +Blink:    It lets you blink.
 I - a +2 heavy sling
 U - the +2 mace of Cataclysm {freeze, Stlth+}
   (You found it on level 10 of the Dungeon)

   Stlth+:    It makes you more stealthy.
Missiles
 s - 2 darts of dispersal
 F - 11 large rocks (quivered)
 H - 3 throwing nets
Armour
 a - a +0 robe
 b - a +0 kite shield (worn)
 m - a +0 hat (worn)
 o - a +1 robe of willpower (worn)
 p - a +0 cloak (worn)
 C - +0 steam dragon scales
 K - a +0 troll leather armour
 M - a +2 robe of cold resistance
Jewellery
 h - an amulet of magic regeneration
 j - a +4 ring of slaying (right claw)
 v - a ring of fire
 L - a ring of ice
 N - a +6 ring of dexterity (left claw)
 O - a ring of flight
 Q - a ring of willpower
 T - the ring of Otzub {rF+ Str+3 Int+2 SInv}
   (You took it off a wight on level 10 of the Dungeon)

   [ring of protection from fire]

   Str+3:     It affects your strength (+3).
   Int+2:     It affects your intelligence (+2).
   rF+:       It protects you from fire.
   SInv:      It lets you see invisible.
Wands
 i - a wand of iceblast (8)
 n - a wand of flame (24)
 u - a wand of paralysis (14)
 B - a wand of digging (1)
 J - a wand of mindburst (2)
Scrolls
 d - a scroll of enchant weapon
 f - a scroll of blinking
 l - a scroll of butterflies
 r - 4 scrolls of teleportation
 x - 3 scrolls of revelation
 y - 2 scrolls of poison
 D - a scroll of immolation
Potions
 e - a potion of invisibility {unknown}
 g - 4 potions of curing {unknown}
 k - 2 potions of enlightenment
 t - a potion of degeneration {unknown}
 w - a potion of mutation {unknown}
 z - 2 potions of haste
 A - 3 potions of brilliance
 G - a potion of magic {unknown}
 P - a potion of berserk rage {unknown}
 R - a potion of ambrosia {unknown}
Miscellaneous
 E - a lightning rod (4/4)
 S - a phial of floods


   Skills:
 + Level 7.2 Fighting
 - Level 1.3 Ranged Weapons
 + Level 4.0 Throwing
 + Level 7.1 Dodging
 - Level 10.0 Shields
 + Level 10.6 Unarmed Combat
 + Level 5.0 Invocations


You had 11 spell levels left.
You didn't know any spells.
Your spell library contained the following spells:

 Spells                   Type           Power      Damage    Failure   Level
 Foxfire                  Conj/Fire      0%         2x1d4     63%         1
 Necrotise                Necr           0%         1d4       63%         1
 Frozen Ramparts          Ice            0%         1d1       94%         3
 Hailstorm                Conj/Ice       0%         3d5       94%         3
 Vampiric Draining        Necr           0%         2d6       94%         3
 Brom's Barrelling Bould  Conj/Erth      0%         2d3       100%        4
 Leda's Liquefaction      Alch/Erth      0%         N/A       100%        4
 Petrify                  Alch/Erth      0%         N/A       100%        4
 Curse of Agony           Necr           0%         N/A       100%        5
 Fireball                 Conj/Fire      0%         3d3       100%        5
 Iskenderun's Battlesphe  Conj           0%         2d6       100%        5
 Metabolic Englaciation   Hex/Ice        0%         N/A       100%        5
 Conjure Ball Lightning   Conj/Air       0%         3x3d6     100%        6
 Plasma Beam              Fire/Air       0%         2x1d10    100%        6
 Starburst                Conj/Fire      0%         6d3       100%        6
 Orb of Destruction       Conj           0%         9d5       100%        7
 Summon Ice Beast         Ice/Summ       Unusable   N/A       N/A         3
 Martyr's Knell           Necr/Summ      Unusable   N/A       N/A         4
 Sculpt Simulacrum        Ice/Alch       Unusable   N/A       N/A         6

Dungeon Overview and Level Annotations

Branches:
Dungeon (10/15)            Temple (1/1) D:5            Lair (0/5) D:8
Ossuary (visited)
    Orc: D:9-12

Altars:
Ashenzari
Cheibriados
Dithmenos
Elyvilon
Gozag
Hepliaklqana
Kikubaaqudgha
Makhleb
Nemelex Xobeh
Okawaru
Qazlal
Ru
Sif Muna
Trog
Uskayaw
Wu Jian
Xom
Zin
The Shining One

Shops:
D:4 :   D:6 *   D:8 [   D:9 (

Annotations:
D:5 2 runed translucent doors
D:8 1 transporter
D:9 2 transporters


Innate Abilities, Weirdness & Mutations

You are too large for most types of armour.
You have claws for hands.
Your natural rate of healing is unusually fast.
You are covered in fur. (AC +1)
You have tough skin. (AC +1)


Message History

The fire elemental closely misses you.
The fire elemental disappears in a puff of smoke!
The deep elf pyromancer gestures at you while chanting.
The pyre arrow hits you.
You are covered in intense liquid fire!
You shake off some of the fire as you move.
The liquid fire burns you!
The deep elf pyromancer gestures at you while chanting.
The pyre arrow hits you.
You are even more covered in intense liquid fire!
You shake off some of the fire as you move.
The liquid fire burns you!
You shake off some of the fire as you move.
The liquid fire burns you!
The deep elf pyromancer gestures at you while chanting.
The pyre arrow hits you.
You are even more covered in intense liquid fire!
You mangle the deep elf pyromancer!!
The deep elf pyromancer is severely wounded.
The liquid fire burns you!
* * * LOW HITPOINT WARNING * * *
You scratch the deep elf pyromancer.
The deep elf pyromancer is severely wounded.
The liquid fire burns you!
* * * LOW HITPOINT WARNING * * *
The deep elf pyromancer gestures wildly while chanting.
You mangle the deep elf pyromancer!!
You kill the deep elf pyromancer!
Okawaru accepts your kill.
The fire elemental disappears in a puff of smoke! x2
The liquid fire burns you!
* * * LOW HITPOINT WARNING * * *
Your Throwing skill increases to level 4!
Your Invocations skill increases to level 5!
You shake off some of the fire as you move.
The liquid fire burns you!
* * * LOW HITPOINT WARNING * * *
You shake off some of the fire as you move.
The liquid fire burns you!
You die...

........# #.#.....##.#
........#######.#.######.#
....(..................#.#
####.............##.)#.#.#######
.# #.#####.#####.###>#.#.......#
.###.# #..##..##.###.........#
.'.#.###..##..##.#.......###.#
.#.#.#..##..##.#.#.......##
.#.#.#..##..##.#@#........###
.#.#..##..##.)#§.#......#...#
##.#.###..##..##.#......###.#
...#.#..##..##.#)#......# #.#
####.#..##..##.#.##########.#
.....###..##..##.§○○○.......#
.#########.#########.#####..#
....##[.##.##.)#.........#○.#
.....#..#.#.#..#..######.#E.#


There were no monsters in sight!

Vanquished Creatures
  Fannar (D:10)
  3 two-headed ogres (D:10)
  2 deep elf zephyrmancers (D:10)
  3 deep elf pyromancers (D:10)
  2 cyclopes
  An elephant (D:8)
  2 gargoyles (D:10)
  An efreet (D:10)
  2 komodo dragons
  6 trolls (D:10)
  The ghost of knightboat the Vexing, an amateur GnHs (D:4)
  Prince Ribbit (D:5)
  Grinder (D:4)
  3 slime creatures (D:10)
  A shadow (D:10)
  Eustachio (D:5)
  A yak (D:10)
  3 wyverns
  A wraith (D:9)
  Menkaure (D:5)
  2 steam dragons
  3 acid dragons
  3 water moccasins
  2 orc warriors (D:9)
  2 sky beasts (D:8)
  3 ice beasts
  4 black bears
  An ogre (D:4)
  3 centaurs
  A phantom (D:5)
  3 kobold brigands
  4 bullfrogs
  3 gnoll sergeants
  7 scorpions
  18 wights
  A killer bee (D:4)
  4 howler monkeys
  4 electric eels (D:8)
  A bombardier beetle (D:4)
  4 orc priests
  3 centaur zombies (Ossuary)
  4 human zombies (Ossuary)
  A gnoll bouda (D:7)
  3 hounds
  A jelly (D:5)
  3 iguanas
  A sleepcap (D:8)
  6 orc wizards
  4 hound zombies (Ossuary)
  2 mummies (Ossuary)
  5 adders
  19 gnolls
  A shadow imp (D:6)
  2 white imps
  8 adder zombies (Ossuary)
  A dart slug (D:1)
  2 ribbon worms
  26 orcs
  4 ball pythons
  9 bats
  6 endoplasms (D:1)
  3 giant cockroaches
  6 gnoll zombies (Ossuary)
  5 goblins
  12 hobgoblins
  8 quokkas
  A frilled lizard (D:3)
  A jackal zombie (Ossuary)
  24 kobolds
  6 kobold zombies (Ossuary)
  5 orc zombies (Ossuary)
  5 rats
  A spectral kobold (D:5)
298 creatures vanquished.

Vanquished Creatures (others)
  A bullfrog (D:8)
1 creature vanquished.

Grand Total: 299 creatures vanquished

Notes
Turn   | Place    | Note
-------+----------+-------------------------------------------
     0 | D:1      | Destinykillz the Troll Fighter began the quest for the Orb.
     0 | D:1      | Reached XP level 1. HP: 22/22 MP: 0/0
    92 | D:1      | Reached XP level 2. HP: 29/29 MP: 1/1
   176 | D:1      | You fall into a shaft and drop 1 floor!
   346 | D:1      | Reached XP level 3. HP: 36/36 MP: 2/2
   782 | D:2      | Found a hide-covered altar of Uskayaw.
   792 | D:2      | Identified the +1 robe of Ignis's Vengeance {Harm rElec
                  | Int-2 Dex+5}
  1453 | D:3      | Reached XP level 4. HP: 42/44 MP: 3/3
  1500 | D:3      | Reached XP level 5. HP: 52/52 MP: 4/4
  1904 | D:3      | Found a faded altar of an unknown god.
  1986 | D:3      | Found a bloodstained altar of Trog.
  2030 | D:3      | Noticed a steam dragon
  2044 | D:3      | Killed a steam dragon
  2045 | D:3      | Reached XP level 6. HP: 9/61 MP: 5/5
  2135 | D:4      | Found a sand-covered staircase.
  2207 | Ossuary  | Entered an ossuary
  2274 | Ossuary  | Reached XP level 7. HP: 57/67 MP: 6/6
  2358 | Ossuary  | Reached skill level 5 in Shields
  2363 | Ossuary  | Reached skill level 5 in Unarmed Combat
  2650 | D:4      | Found Dotuan's Book Boutique.
  2665 | D:4      | Reached XP level 8. HP: 43/78 MP: 7/7
  2806 | D:4      | Noticed Grinder
  2814 | D:4      | Killed Grinder
  3050 | D:4      | Found a runed translucent door.
  3054 | D:4      | Noticed knightboat's ghost (amateur GnHs)
  3228 | D:4      | Killed knightboat's ghost
  3301 | D:5      | Entered Level 5 of the Dungeon
  3349 | D:5      | Noticed Eustachio
  3359 | D:5      | Killed Eustachio
  3367 | D:5      | Found a staircase to the Ecumenical Temple.
  3400 | Temple   | Entered the Ecumenical Temple
  3414 | Temple   | Became a worshipper of Warmaster Okawaru
  3528 | D:5      | Noticed Prince Ribbit
  3550 | D:5      | Killed Prince Ribbit
  3551 | D:5      | Reached XP level 9. HP: 57/85 MP: 8/8
  3886 | D:5      | Found a runed translucent door.
  3902 | D:5      | Found a runed translucent door.
  3950 | D:5      | Noticed Menkaure
  3957 | D:5      | Killed Menkaure
  4105 | D:5      | Found a hazy altar of Hepliaklqana.
  4484 | D:6      | Reached * piety under Okawaru
  4595 | D:6      | Found Qoli's General Store.
  4607 | D:6      | Bought a potion of haste for 140 gold pieces
  4607 | D:6      | Bought a wand of mindburst (2) for 39 gold pieces
  4607 | D:6      | Bought a scroll of poison for 56 gold pieces
  4653 | D:6      | Found a glowing golden altar of the Shining One.
  4653 | D:6      | Found a shimmering blue altar of Sif Muna.
  4781 | D:6      | Found a stormy altar of Qazlal.
  4954 | D:6      | Reached skill level 5 in Fighting
  5124 | D:6      | Reached skill level 1 in Ranged Weapons
  5124 | D:6      | Reached skill level 5 in Dodging
  5525 | D:7      | Reached ** piety under Okawaru
  6083 | D:7      | Found a glowing silver altar of Zin.
  6425 | D:7      | Identified a scroll of acquirement
  6425 | D:7      | Acquired 534 gold pieces
  6452 | D:8      | Found Zuymovix's Antique Armour Shoppe.
  6646 | D:8      | Reached skill level 1 in Invocations
  6646 | D:8      | Reached XP level 10. HP: 74/96 MP: 9/9
  6650 | D:8      | Noticed an elephant
  6664 | D:8      | Killed an elephant
  6826 | D:8      | Identified the +0 whip of Pride {flame, Int+4 Dex-5}
  7062 | D:8      | Noticed a +0 short sword
  7064 | D:8      | Noticed a +0 falchion
  7064 | D:8      | Noticed a +0 spear
  7064 | D:8      | Noticed a +0 dagger
  7064 | D:8      | Noticed a +0 spear
  7064 | D:8      | Noticed a +0 dagger
  7064 | D:8      | Noticed a +0 short sword
  7065 | D:8      | Noticed a +0 falchion
  7205 | D:8      | Identified the +8 sling of Trial by Ordeal {speed, rF+}
  7234 | D:8      | Found a staircase to the Lair.
  7280 | D:8      | Reached *** piety under Okawaru
  7695 | D:8      | Found a sparkling altar of Nemelex Xobeh.
  7695 | D:8      | Found a transporter.
  7695 | D:8      | Noticed a four-headed hydra
  7696 | D:8      | Noticed a four-headed hydra
  7866 | D:8      | Found a hide-covered altar of Uskayaw.
  8259 | D:9      | Found Nolau's Antique Weapon Boutique.
  8261 | D:9      | Found a transporter.
  8276 | D:9      | Bought a transparent mace for 264 gold pieces
  8276 | D:9      | Identified the +8 mace "Wyoziz" {protect, +Blink Str+3
                  | Int+5 Dex-4} (You bought it in a shop on level 9 of the
                  | Dungeon)
  8734 | D:9      | Noticed a cyclops
  8744 | D:9      | Noticed a cyclops
  8754 | D:9      | Reached **** piety under Okawaru
  8758 | D:9      | Killed a cyclops
  8797 | D:9      | Noticed a deep elf pyromancer
  8822 | D:9      | Noticed a deep elf pyromancer
  8893 | D:9      | Found a transporter.
  9109 | D:10     | Entered Level 10 of the Dungeon
  9147 | D:10     | Noticed a gargoyle
  9157 | D:10     | Killed a gargoyle
  9210 | D:10     | Noticed a two-headed ogre
  9217 | D:10     | Killed a two-headed ogre
  9218 | D:10     | Reached skill level 1 in Throwing
  9218 | D:10     | Reached XP level 11. HP: 37/105 MP: 12/12
  9232 | D:10     | Reached ***** piety under Okawaru
  9331 | D:10     | Identified the +2 mace of Cataclysm {freeze, Stlth+}
  9421 | D:10     | Noticed a deep elf zephyrmancer
  9438 | D:10     | Killed a deep elf zephyrmancer
  9487 | D:10     | Noticed a two-headed ogre
  9504 | D:10     | Killed a two-headed ogre
  9504 | D:10     | Received a gift from Okawaru
  9505 | D:10     | Reached skill level 10 in Unarmed Combat
  9547 | D:10     | Noticed a deep elf pyromancer
  9558 | D:10     | Noticed a deep elf zephyrmancer
  9561 | D:10     | Killed a deep elf pyromancer
  9585 | D:10     | Killed a deep elf zephyrmancer
  9650 | D:10     | HP: 3/107 [acid dragon/splash of acid (19)]
  9758 | D:10     | Identified the +6 falchion "Yrian" {flame, rPois rN++ Str+2
                  | Dex-5}
  9758 | D:10     | Noticed a deep elf pyromancer
  9759 | D:10     | Reached skill level 10 in Shields
  9777 | D:10     | Killed a deep elf pyromancer
  9870 | D:10     | Received a gift from Okawaru
  9933 | D:10     | Noticed Fannar
  9953 | D:10     | Killed Fannar
 10183 | D:10     | Noticed a two-headed ogre
 10186 | D:10     | Killed a two-headed ogre
 10226 | D:10     | Reached XP level 12. HP: 117/118 MP: 14/14
 10299 | D:10     | Identified the ring of Otzub {rF+ Str+3 Int+2 SInv}
 10524 | D:10     | Reached skill level 5 in Invocations
 10524 | D:10     | HP: 3/118 [burnt (11)]
 10525 | D:10     | Incinerated by a deep elf pyromancer

Illustrated notes

Levels and vault maps discovered:
D:1:      roderic_dead_forest, layout_basic, minmay_hexomino_c4
D:2:      layout_loops_corners, basic_altar
D:3:      minmay_angry_zag, layout_basic, bloody_trog,
          shapermc_ecumenical_altar_mp_urbaneastern, minmay_unequal
D:4:      layout_loops_ring, enter_ossuary_1, ebering_ghost_inner_flame,
          serial_shops, nicolae_book_shop_shelving, grunt_decor_junction,
          uniq_grinder
D:5:      lemuel_insect_pit, layout_loops_corners,
          nicolae_hepliaklqana_monster_ancestors, uniq_eustachio,
          uniq_prince_ribbit1, uniq_menkaure
D:6:      black_bear_nest_2, layout_cave_pods,
          mainiacjoe_overflow_concentric_impassable,
          chequers_temple_overflow_statue_of_worship, serial_shops, shop
D:7:      layout_basic, mainiacjoe_overflow_surrounded_room
D:8:      layout_loops_corners, nicolae_uskayaw_en_pointe,
          grunt_nemelex_the_gamble, david_lair_generic, serial_shops, shop,
          serial_bayou, serial_bayou_pond_c, serial_bayou_lagoon_a,
          serial_bayou_pond_b, serial_bayou_lake_a
D:9:      gammafunk_the_bubble [the_bubble_gammafunk_split], layout_long_grid,
          nicolae_overflow_hidden_temple, serial_shops,
          nicolae_shop_window_shopping, serial_glass, glass_columns_c,
          glass_columns_a, item_on_display_a, item_on_display_b
D:10:     minmay_the_grid_net [minmay_the_grid_minigrid_medium,
          minmay_the_grid_spin_star, minmay_the_grid_embedded,
          minmay_the_grid_box_x, minmay_the_grid_tri_star,
          minmay_the_grid_prize_four_corners_diamond_b], layout_basic,
          uniq_fannar
Temple:   jpeg_temple_clearing

Skill      XL: |  1  2  3  4  5  6  7  8  9 10 11 12 |
---------------+-------------------------------------+-----
Shields        | 3 4 5 6 8 9 10 | 10.0
Unarmed Combat | 3 4 5 7 8 9 10 | 10.6
Fighting       | 3 4 5 6 7 |  7.2
Dodging        | 3 4 5 6 7 |  7.1
Ranged Weapons | 1 |  1.3
Invocations    | 1 3 4 5 |  5.0
Throwing       | 1 3 4 |  4.0

Action                     |  1- 3 |  4- 6 |  7- 9 | 10-12 || total
---------------------------+-------+-------+-------+-------++-------
  Melee: Unarmed           |   125 |   125 |   312 |   351 ||   913
   Fire: Sling             |       |       |   109 |    24 ||   133
  Throw: Large rock        |       |       |       |     8 ||     8
 Invoke: Heroism           |       |       |       |     2 ||     2
         Finesse           |       |       |       |     1 ||     1
    Use: Potion            |       |     1 |     1 |     7 ||     9
         Scroll            |       |     3 |    15 |     5 ||    23
   Stab: Sleeping          |     1 |       |       |       ||     1
 Armour: Robe              |    68 |    67 |   212 |   224 ||   571
  Dodge: Dodged            |    39 |    46 |   125 |   126 ||   336
  Block: Kite shield       |    61 |    55 |   146 |   187 ||   449
